 Dungeon Crawl Stone Soup version 0.15-a0-674-g7948ca6 (webtiles) character file.

1642 Infinimo the Grappler (level 8, -8/64 HPs)
             Began as a Minotaur Monk on May 9, 2014.
             Was an Initiate of Gozag.
             Killed by divine providence
             ... invoked by an orc priest
              (15 damage)
             ... on Level 7 of the Dungeon.
             The game lasted 00:12:39 (5508 turns).

Infinimo the Grappler (Minotaur Monk)               Turns: 5508, Time: 00:12:39

HP  -8/64        AC 14     Str 23      XL: 8   Next: 67%
MP   3/3         EV 13     Int  7      God: Gozag
Gold 294         SH  0     Dex 18      Spells:  0 memorised,  7 levels left

rFire  . . .     SeeInvis .       - Unarmed
rCold  . . .     Clarity  .     c - +0 chain mail
rNeg   . . .     Conserve .     (no shield)
rPois  .         rCorr    +     (helmet restricted)
rElec  .         rRot     .     r - +0 cloak
SustAb . .       Spirit   .     i - +0 pair of gloves
rMut   .         Warding  .     p - +0 pair of boots
Saprov . . .     Stasis   .     s - amulet of resist corrosion
MR     .....                    (no ring)
                                k - ring of regeneration

@: mighty, agile, slowed, very slow, not resistant to hostile enchantments,
extremely unstealthy
A: retaliatory headbutt, horns 2
a: Potion Petition, Call Merchant, Bribe Branch, Renounce Religion


You were on level 7 of the Dungeon.
You worshipped Gozag.
Gozag was noncommittal.
You were very full.

You visited 2 branches of the dungeon, and saw 8 of its levels.

You collected 596 gold pieces.
You paid 302 gold pieces to Gozag.

Inventory:

Armour
 c - a +0 chain mail (worn)
 i - a +0 pair of gloves (worn)
 p - a +0 pair of boots (worn)
 r - a +0 cloak (worn)
Magical devices
 h - a wand of polymorph (10) {unknown}
Comestibles
 b - 5 bread rations
 x - a meat ration
 z - 2 beef jerkies
 A - 9 cheeses
Scrolls
 e - 6 scrolls of remove curse
 f - 4 scrolls of identify
 g - 7 scrolls of enchant armour
 j - 2 scrolls of amnesia
 l - 3 scrolls of teleportation
 q - 2 scrolls of blinking
 t - 2 scrolls of fog
 u - a scroll of magic mapping
 v - a scroll of enchant weapon I {unknown}
 w - a scroll of vulnerability {unknown}
Jewellery
 d - an uncursed amulet of resist mutation
 k - a ring of regeneration (left hand)
 s - an amulet of resist corrosion (around neck)
Potions
 n - 2 potions of curing
 o - a potion of haste
Books
 a - a book of Party Tricks

   Spells                             Type                      Level
   Summon Butterflies                 Summoning                    1
   Apportation                        Translocation                1
   Blink                              Translocation                2
   Alistair's Intoxication            Transmutation/Poison         4
   Tukima's Dance                     Hexes                        5
 m - a book of Battle

   Spells                             Type                      Level
   Infusion                           Charms                       1
   Shroud of Golubria                 Charms/Translocation         2
   Song of Slaying                    Charms                       2
   Spectral Weapon                    Hexes/Charms                 3
   Regeneration                       Charms/Necromancy            3
 y - a book of Flames

   Spells                             Type                      Level
   Flame Tongue                       Conjuration/Fire             1
   Throw Flame                        Conjuration/Fire             2
   Conjure Flame                      Conjuration/Fire             3
   Inner Flame                        Hexes/Fire                   3
   Sticky Flame                       Conjuration/Fire             4
   Fireball                           Conjuration/Fire             5


   Skills:
 - Level 3.6 Fighting
 + Level 7.7 Armour
 - Level 3.2 Dodging
 - Level 1.5 Stealth
 * Level 10.5 Unarmed Combat


You had 7 spell levels left.
You didn't know any spells.

Dungeon Overview and Level Annotations

Branches:
Dungeon (7/15)             Temple (1/1) D:4

Altars:
Ashenzari
Cheibriados
Dithmenos
Elyvilon
Fedhas
Gozag
Kikubaaqudgha
Makhleb
Nemelex Xobeh
Okawaru
Trog
Vehumet
Xom
Yredelemnul
The Shining One


Innate Abilities, Weirdness & Mutations

You reflexively headbutt those who attack you in melee.
You have a pair of horns on your head.


Message History

[c] - 130 gold - might and agility [d] - 104 gold - porridge Purchase which effect?
You feel very mighty all of a sudden.
You feel agile all of a sudden.
You see here an arrow.
The orc wizard mumbles some strange words.
The orc wizard seems to speed up.
The orc warrior picks up an uncursed shortbow.
The orc warrior picks up 17 arrows.
The orc priest mumbles some strange prayers to Beogh against you.
You struggle to resist.
The orc wizard mumbles some strange words.
The orc wizard blinks!
The orc wizard mumbles some strange words.
The orc wizard blinks!
An orc comes into view. It is wielding a hand axe.
The orc priest calls down the wrath of Beogh upon you.
Something smites you!
You die...
Your body crumbles into a pile of gold.

.....##......####
.#...##....### .#...#.....#
##.......### .#......##
.###...## ##### .#######
##...### ..#...### ###......#
........###.....@oo######
........#..<...#.o(.#...###
#...#...?.....###(.o(.o...###
######......### #......o....#
##...### ###...#.....###
##### #######.....###
##.)..(.# #....... ####....


You could see an orc warrior, an orc priest, an orc wizard and 3 orcs.

Vanquished Creatures
  Pikel (D:6)
  A hog (D:7)
  A human (D:7)
  Edmund (D:6)
  An ogre (D:5)
  A centaur (D:7)
  A slave (D:5)
  A phantom (D:4)
  Sigmund (D:7)
  A scorpion (D:5)
  A jelly (D:4)
  A killer bee zombie (D:6)
  A hound skeleton (D:4)
  11 gnolls
  7 adders
  A giant mite (D:2)
  3 worms
  An iguana zombie (D:6)
  The ghost of 4tharraofdagon the Insei, a weakling DsTm (D:3)
  8 giant geckos
  4 orcs
  3 giant cockroaches
  12 hobgoblins
  7 jackals
  An ooze (D:4)
  A quokka (D:5)
  4 sheep
  A ball python (D:2)
  14 bats
  7 giant newts
  8 goblins
  11 kobolds
  7 rats
125 creatures vanquished.

Vanquished Creatures (others)
  An iguana (D:6)
  A bat (D:6)
2 creatures vanquished.

Grand Total: 127 creatures vanquished

Notes
Turn   | Place    | Note
--------------------------------------------------------------
     0 | D:1      | Infinimo, the Minotaur Monk, began the quest for the Orb.
     0 | D:1      | Reached XP level 1. HP: 19/19 MP: 1/1
   251 | D:1      | Reached skill level 1 in Armour
   251 | D:1      | Reached XP level 2. HP: 26/26 MP: 1/1
   873 | D:1      | Reached skill level 5 in Unarmed Combat
   956 | D:2      | Reached XP level 3. HP: 28/31 MP: 2/2
  1170 | D:2      | Found a shadowy altar of Dithmenos.
  1267 | D:2      | Reached XP level 4. HP: 36/39 MP: 2/2
  1573 | D:2      | Reached skill level 6 in Unarmed Combat
  1792 | D:3      | Noticed 4tharraofdagon's ghost (weakling DsTm)
  1811 | D:3      | Killed 4tharraofdagon's ghost
  1819 | D:3      | Reached XP level 5. HP: 31/45 MP: 2/2
  2148 | D:3      | Found an iron altar of Okawaru.
  2811 | D:4      | Noticed a phantom
  2835 | D:4      | Killed a phantom
  2835 | D:4      | Reached XP level 6. HP: 30/51 MP: 3/3
  3084 | D:4      | Found a staircase to the Ecumenical Temple.
  3097 | Temple   | Entered the Ecumenical Temple
  3251 | Temple   | Became a worshipper of Gozag Ym Sagoz the Greedy
  3468 | D:4      | Found a shimmering altar of Xom.
  3476 | D:4      | Reached skill level 7 in Unarmed Combat
  3675 | D:5      | Entered Level 5 of the Dungeon
  3763 | D:5      | Found a bloodstained altar of Trog.
  4147 | D:5      | Reached skill level 5 in Armour
  4359 | D:6      | Reached XP level 7. HP: 45/57 MP: 3/3
  4366 | D:6      | Noticed Sigmund
  4514 | D:6      | Noticed Pikel
  4619 | D:6      | Noticed Edmund
  4643 | D:6      | Killed Edmund
  4643 | D:6      | Reached skill level 8 in Unarmed Combat
  4790 | D:6      | Killed Pikel
  4790 | D:6      | Reached skill level 9 in Unarmed Combat
  4790 | D:6      | Reached XP level 8. HP: 53/64 MP: 3/3
  5329 | D:7      | Reached skill level 10 in Unarmed Combat
  5439 | D:7      | Killed Sigmund
  5444 | D:7      | Found a snail-covered altar of Cheibriados.
  5508 | D:7      | Killed from afar by an orc priest

Action                   |  1- 3 |  4- 6 |  7- 9 || total
-------------------------+-------+-------+-------++-------
Melee: Unarmed           |   111 |   217 |   122 ||   450
Invok: Potion Petition   |       |       |     2 ||     2
  Use: Scroll            |     2 |     9 |       ||    11
       Potion            |     1 |       |       ||     1
